 Dungeon Crawl Stone Soup version 0.30.0-10-gfe55d96785 (webtiles) character file.

Game seed: 10746398695402386073

18 Villanelle the Vexing (level 2, -1/20 HPs)
             Began as a Human Enchanter on May 15, 2023.
             Slain by a jackal (3 damage)
             ... on level 2 of the Dungeon.
             The game lasted 00:02:00 (505 turns).

Villanelle the Vexing (Human Enchanter)              Turns: 505, Time: 00:02:08

Health: -1/20      AC:  2    Str:  8    XL:     2   Next: 85%
Magic:  1/5        EV: 12    Int: 15    God:
Gold:   61         SH:  0    Dex: 13    Spells: 3/5 levels left

rFire   . . .        a - +1 dagger
rCold   . . .        (no shield)
rNeg    . . .        b - +0 robe
rPois   .            (no helmet)
rElec   .            (no cloak)
rCorr   .            (no gloves)
SInv    .            (no boots)
Will    .....        (no amulet)
Stlth   ++           (no ring)
HPRegen 0.23/turn    (no ring)
MPRegen 0.09/turn

%: no passive effects
@: invisible
A: no striking features
a: no special abilities


You were on level 2 of the Dungeon.
You visited 1 branch of the dungeon, and saw 2 of its levels.

You collected 61 gold pieces.

Inventory:

Hand Weapons
 a - a +1 dagger (weapon)
Armour
 b - a +0 robe (worn)
Scrolls
 g - a scroll of teleportation {unknown}
Potions
 c - a potion of invisibility
 d - a potion of cancellation {unknown}
 f - a potion of magic {unknown}
 h - a potion of haste {unknown}


   Skills:
 * Level 0.5 Fighting
 * Level 1.1 Short Blades
 * Level 0.3 Armour
 * Level 2.0 Dodging
 * Level 3.1 Stealth
 * Level 2.1 Spellcasting
 * Level 3.4 Hexes


You had 3 spell levels left.
You knew the following spells:

 Your Spells              Type           Power      Damage    Failure   Level
a - Ensorcelled Hibernat  Hex/Ice        12%        N/A       17%         2

Your spell library contained the following spells:

 Spells                   Type           Power      Damage    Failure   Level
 Confusing Touch          Hex            11%        N/A       16%         3
 Tukima's Dance           Hex            11%        N/A       16%         3
 Dazzling Flash           Conj/Hex       12%        N/A       32%         3


Dungeon Overview and Level Annotations

Branches:
Dungeon (2/15)

Altars:

Shops:
D:1 [

Annotations:
D:2 Robin


Message History

Press: ? - help, Shift-Dir - straight line, f - jackal
Aim: a jackal (chance to affect: 57%)
The jackal resists with significant effort.
The jackal barely misses you.
You barely miss the jackal. The jackal bites you.
The jackal bites you but does no damage.
You barely miss the jackal. The jackal closely misses you.
The jackal bites you. x2
You barely miss the jackal.
The jackal bites you but does no damage.
The jackal closely misses you. The jackal barely misses you.
You hit the jackal but do no damage. The jackal completely misses you.
The jackal bites you.
You barely miss the jackal. The jackal closely misses you.
The jackal bites you but does no damage.
The jackal misses you.
You hit the jackal.
The jackal is heavily wounded.
The jackal bites you but does no damage.
The jackal bites you.
* * * LOW HITPOINT WARNING * * *
The jackal barely misses you.
You barely miss the jackal.
The jackal is heavily wounded.
You barely miss the jackal. The jackal bites you.
* * * LOW HITPOINT WARNING * * *
The jackal barely misses you.
Unknown command.
You fade into invisibility!
The jackal bites you.
* * * LOW HITPOINT WARNING * * *
The jackal bites you but does no damage.
The jackal closely misses you.
As you read the scroll labelled DEZAWURAUS, it crumbles to dust.
You feel aware of your surroundings.
You sensed 1 altar.
It was a scroll of magic mapping.
The goblin no longer looks unusually strong.
The hobgoblin no longer looks unusually strong.
The jackal barely misses you. The jackal bites you.
You die...

##******* ***
#.,,,,,,* **,######**
#.*****,*
*,*.......###.####*,*
,**##.#.#.#.#.#h@#*,*
*###g#g#g#.#.#h#h#*,*
,,.g#.#g#.#.#g#gB#*,*
,,,.h#.#.#.#g#g#....*
,,,,#g#g#.#g#g#..####
,,,,,#g#.#g#.#.#.#*
,,,,*,#.#.#.#.#...#
,***.#,#.#.#.#.##.#
,* *#.#.#.#.#.#.#,#


You could see 3 jackals, a giant cockroach (unable to see you), 2 hobgoblins and
5 goblins.

Vanquished Creatures
  A worm (D:2)
  3 ball pythons
  4 goblins
  A hobgoblin (D:1)
  A jackal (D:2)
  A quokka (D:1)
  2 bats
13 creatures vanquished.

Notes
Turn   | Place    | Note
-------+----------+-------------------------------------------
     0 | D:1      | Villanelle the Human Enchanter began the quest for the Orb.
     0 | D:1      | Reached XP level 1. HP: 13/13 MP: 3/3
    54 | D:1      | Found Vine Suo's Antique Armour Boutique.
   208 | D:1      | Reached XP level 2. HP: 17/19 MP: 5/5
   271 | D:1      | Learned a level 2 spell: Ensorcelled Hibernation
   484 | D:2      | Noticed Robin
   505 | D:2      | Slain by a jackal

Illustrated notes

Levels and vault maps discovered:
D:1:      psy_arrival_conway, layout_loops_ring, serial_shops,
          nicolae_square_shop
D:2:      layout_loops_cross, chequers_ecumenical_altar_simple, minivault_23,
          chequers_serial_rivers_room_b, uniq_robin

Action                     || total
---------------------------++-------
  Melee: Dagger            ||    37
   Cast: Ensorcelled Hiber ||     7
    Use: Scroll            ||     1
         Potion            ||     1
   Stab: Sleeping          ||     7
 Armour: Robe              ||    13
  Dodge: Dodged            ||    41
